 Dungeon Crawl Stone Soup version 0.28.0-53-g5a82cb258f (webtiles) character file.

Game seed: 17471192653389426895

157 diana the Insei (level 4, -9/37 HPs)
             Began as a Demigod Transmuter on Aug 21, 2022.
             Mangled by an iguana (11 damage)
             ... on level 3 of the Dungeon.
             The game lasted 00:04:47 (3588 turns).

diana the Insei (Demigod Transmuter)                Turns: 3588, Time: 00:04:48

Health: -9/37      AC:  4    Str: 11    XL:     4   Next: 93%
Magic:  10/10      EV: 12    Int: 19    God:
Gold:   106        SH:  0    Dex: 14    Spells: 1/7 levels left

rFire   . . .      SeeInvis .     - Unarmed
rCold   . . .      Faith    .   (no shield)
rNeg    . . .      Spirit   .   a - +0 robe
rPois   .          Reflect  .   (no helmet)
rElec   .          Harm     .   r - +0 cloak
rCorr   .          Rampage  .   k - +0 pair of gloves
Will    .....                   (no boots)
Stlth   +.........              (no amulet)
HPRegen 0.12/turn               (no ring)
MPRegen 0.12/turn               (no ring)

@: no status effects
A: high MP 1, forlorn, divine attributes
a: no special abilities


You were on level 3 of the Dungeon.
You visited 1 branch of the dungeon, and saw 4 of its levels.

You collected 106 gold pieces.

Inventory:

Hand Weapons
 s - a +4 quarterstaff of chaos
Armour
 a - a +0 robe (worn)
 k - a +0 pair of gloves (worn)
 r - a +0 cloak (worn)
Jewellery
 h - a ring of resist corrosion
 p - a ring of fire
Scrolls
 b - 2 scrolls of teleportation {unknown}
 c - a scroll of torment {unknown}
 e - a scroll of fog {unknown}
 f - a scroll of blinking {unknown}
 i - a scroll of identify {unknown}
 l - a scroll of enchant weapon {unknown}
 m - a scroll of magic mapping {unknown}
 q - a scroll of fear {unknown}
Potions
 d - a potion of attraction {unknown}
 g - a potion of cancellation {unknown}
 j - 2 potions of curing {unknown}
 n - a potion of lignification {unknown}
 o - a potion of mutation {unknown}


   Skills:
 * Level 2.7 Fighting
 + Level 2.5 Dodging
 + Level 3.3 Unarmed Combat
 + Level 2.3 Spellcasting
 + Level 2.4 Transmutations


You had one spell level left.
You knew the following spells:

 Your Spells              Type           Power      Damage    Failure   Level
a - Beastly Appendage     Tmut           22%        N/A       6%          1
b - Wereblood             Tmut           11%        N/A       9%          2
c - Spider Form           Tmut/Pois      6%         N/A       28%         3

Your spell library contained the following spells:

 Spells                   Type           Power      Damage    Failure   Level
 Gell's Gravitas          Tloc           2%         N/A       43%         3
 Lesser Beckoning         Tloc           2%         N/A       43%         3
 Teleport Other           Tloc           2%         N/A       43%         3
 Ice Form                 Ice/Tmut       6%         N/A       67%         4


Dungeon Overview and Level Annotations

Branches:
Dungeon (4/15)
 Temple: D:4-7

Shops:
D:2 (


Innate Abilities, Weirdness & Mutations

You have an increased reservoir of magic. (+10% MP)
You shall have no god before yourself.
Your divine heritage dramatically boosts your attributes as you level up.


Message History

You hit the iguana. Your kick misses the iguana.
Your headbutt misses the iguana.
The iguana is moderately wounded.
The white imp gestures at you.
The puff of frost hits you but does no damage.
The iguana misses you.
You hit the iguana.
The iguana is heavily wounded.
The white imp gestures at you. The puff of frost misses you.
The iguana barely misses you.
You barely miss the iguana.
The iguana is heavily wounded.
The white imp gestures at you. The puff of frost hits you!
The iguana misses you.
You closely miss the iguana.
The iguana is heavily wounded.
The white imp hits you but does no damage.
The iguana closely misses you.
You hit the iguana. Your kick misses the iguana.
The iguana is almost dead.
The white imp gestures at you. The puff of frost hits you.
The iguana barely misses you.
You are too injured to fight recklessly!
The white imp gestures at you. The puff of frost hits you.
* * * LOW HITPOINT WARNING * * *
Your horns disappear.
Your talons disappear.
There is a stone staircase leading up here.
The iguana closely misses you.
You climb upwards.
There is a stone staircase leading down here.
You aren't carrying any items that you can evoke.
Unknown command.
You closely miss the iguana.
The iguana is almost dead.
The iguana bites you!
* * * LOW HITPOINT WARNING * * *
The iguana closely misses you. The iguana bites you!
You die...

............## ♣♣.♣
.....#####...## ♣♣.♣♣ # ..).##
##...### ♣♣...♣ # ....# ##....#
#### ♣....♣ # ....###### ##...#
#..# #....# # .........# ##..#
#..####....### .........# #..#
#.............
.........#####.#####.............
.........##.....@l...............
.........##.................>....
.........##......................
.........##..........###.........
.........#############_##........
.........# ####...####.....
.........# ##.........##....
.........# ###..##...##..###).
.........# #_..###_._###.._#.#


You could see an iguana.

Vanquished Creatures
  Crazy Yiuf (D:3)
  Natasha (thrice) (D:3)
  An orc (D:3)
  7 ball pythons
  3 bats (D:3)
  3 endoplasms
  8 goblins
  8 hobgoblins
  2 jackals (D:3)
  3 kobolds
  3 quokkas
  3 frilled lizards
  6 rats
51 creatures vanquished.

Notes
Turn   | Place    | Note
-------+----------+-------------------------------------------
     0 | D:1      | diana the Demigod Transmuter began the quest for the Orb.
     0 | D:1      | Reached XP level 1. HP: 15/15 MP: 5/5
    12 | D:1      | Reached skill level 1 in Fighting
   580 | D:1      | Reached XP level 2. HP: 23/23 MP: 5/7
  1600 | D:2      | Found Hoceotak's Weapon Shop.
  2324 | D:3      | Reached XP level 3. HP: 27/29 MP: 6/8
  2376 | D:3      | Reached skill level 3 in Unarmed Combat
  2457 | D:3      | Noticed Natasha
  2523 | D:3      | Learned a level 2 spell: Wereblood
  2531 | D:3      | Killed Natasha
  2544 | D:3      | Noticed Natasha
  2564 | D:3      | Killed Natasha
  2565 | D:3      | Reached XP level 4. HP: 7/36 MP: 7/10
  2822 | D:3      | Found a runed translucent door.
  2823 | D:3      | Noticed Crazy Yiuf
  2982 | D:3      | Noticed Natasha
  2989 | D:3      | Killed Natasha
  3375 | D:3      | Learned a level 3 spell: Spider Form
  3432 | D:3      | Killed Crazy Yiuf
  3576 | D:3      | HP: 1/37 [iguana (9)]
  3588 | D:3      | Mangled by an iguana

Illustrated notes

Levels and vault maps discovered:
D:1:      dpeg_arrival_ternary, layout_basic
D:2:      layout_loops_ring, serial_shops, nicolae_shop_hallway_stairs,
          kennysheep_generic_room_12
D:3:      layout_basic, chequers_temple_overflow_minitemple,
          hellmonk_ecumenical_altar_crossroads, minmay_misc_feat_square,
          uniq_crazy_yiuf_cottage, uniq_natasha
D:4:      layout_gridville, nicolae_overflow_crystal_walls, uniq_blork_the_orc

Skill      XL: |  1  2  3 |
---------------+----------+-----
Fighting       | 1 2 |  2.7
Dodging        | 2 |  2.5
Transmutations | 2 |  2.4
Spellcasting   | 2 |  2.3
Unarmed Combat | 3 |  3.3

Action                   |  1- 3 |  4- 6 || total
-------------------------+-------+-------++-------
Melee: Unarmed           |    84 |    32 ||   116
       Kick              |    15 |     5 ||    20
       Headbutt          |    10 |     4 ||    14
 Cast: Beastly Appendage |    35 |     6 ||    41
       Spider Form       |       |     1 ||     1
 Stab: Sleeping          |     1 |       ||     1
Armor: Robe              |    13 |    10 ||    23
Dodge: Dodged            |    37 |    21 ||    58
